 Dungeon Crawl Stone Soup version 0.29.1-1-gd02db6906a (webtiles) character file.

Game seed: 6043126085718907014

121 xian the Chopper (level 4, -1/38 HPs)
             Began as a Minotaur Gladiator on Sept 28, 2022.
             Was a Follower of the Shining One.
             Slain by Crazy Yiuf
             ... wielding a +4 quarterstaff of chaos
              (7 damage)
             ... on level 2 of the Dungeon.
             The game lasted 00:03:39 (1859 turns).

xian the Chopper (Minotaur Gladiator)               Turns: 1859, Time: 00:03:39

Health: -1/38      AC: 10    Str: 21    XL:     4   Next: 77%
Magic:  3/3        EV:  7    Int:  5    God:    the Shining One [*.....]
Gold:   71         SH:  0    Dex: 11    Spells: 3/3 levels left

rFire   . . .      SeeInvis .   a - +0 war axe
rCold   . . .      Faith    .   (no shield)
rNeg    . . .      Spirit   .   j - +0 plate armour
rPois   .          Reflect  .   c - +0 hat
rElec   .          Harm     .   (no cloak)
rCorr   .          Rampage  .   (no gloves)
Will    .....                   (no boots)
Stlth   ..........              (no amulet)
HPRegen 0.12/turn               (no ring)
MPRegen 0.08/turn               (no ring)

@: lethally poisoned (-1 -> -22), glowing
A: horns 2, retaliatory headbutt
a: Renounce Religion, Divine Shield


You were on level 2 of the Dungeon.
You worshipped the Shining One.
The Shining One was aware of your devotion.
You visited 1 branch of the dungeon, and saw 2 of its levels.

You collected 71 gold pieces.

Inventory:

Hand Weapons
 a - a +0 war axe (weapon)
 p - the +7 mace of Welfare {pain, rC++}
   (You found it on level 2 of the Dungeon)

   In the hands of one skilled in necromantic magic, it inflicts extra damage on
   living creatures.
   rC:        It greatly protects you from cold.
   The Shining One disapproves of the use of such an item.
Missiles
 d - 3 throwing nets
 e - a javelin (quivered)
Armour
 c - a +0 hat (worn)
 j - a +0 plate armour (worn)
Magical Staves
 o - a staff of conjuration
Wands
 n - a wand of digging (4)
Scrolls
 f - a scroll of identify {unknown}
 g - a scroll of magic mapping {unknown}
 h - a scroll of teleportation {unknown}
 m - 2 scrolls of enchant armour {unknown}
Potions
 b - a potion of curing {unknown}
 i - 2 potions of mutation {unknown}
 k - a potion of flight {unknown}
 l - a potion of heal wounds {unknown}


   Skills:
 + Level 3.1 Fighting
 + Level 5.5 Axes
 + Level 2.1 Throwing
 + Level 2.1 Armour
 + Level 3.7 Dodging


You had 3 spell levels left.
You didn't know any spells.
Your spell library contained the following spells:

 Spells                   Type           Power      Damage    Failure   Level
 Ensorcelled Hibernation  Hex/Ice        0%         N/A       100%        2
 Passwall                 Tmut/Erth      0%         N/A       100%        2
 Swiftness                Air            0%         N/A       100%        3


Dungeon Overview and Level Annotations

Branches:
Dungeon (2/15)

Altars:
The Shining One

Shops:
D:2 [

Annotations:
D:2 Crazy Yiuf


Innate Abilities, Weirdness & Mutations

You have a pair of horns on your head.
You reflexively headbutt those who attack you in melee.


Message History

Found a stone staircase leading down.
Jessica mumbles some strange words.
Jessica blinks!
You hit Jessica but do no damage. Jessica hits you but does no damage.
You slash Jessica!
You kill Jessica!
The Shining One accepts your kill.
Things that are here:
a +0 club; a +0 robe; the human corpse of Jessica You see here a staff of conjuration.
o - a staff of conjuration
Things that are here:
a +0 club; a +0 robe; the human corpse of Jessica You see here 2 stones.
There is a stone staircase leading down here.
Found 6 large rocks.
Found 12 gold pieces.
You see here the +7 mace of Welfare {pain, rC++}.
p - the +7 mace of Welfare {pain, rC++} You now have 71 gold pieces (gained 12).
Unknown command.
You see here 6 large rocks.
Found a hammer.
Found a runed translucent door.
Crazy Yiuf shouts!
You open the door. You slash Crazy Yiuf!
Crazy Yiuf is heavily wounded.
Crazy Yiuf hits you with a +4 quarterstaff of chaos!
Crazy Yiuf draws strength from your wounds!
You hit Crazy Yiuf but do no damage.
Crazy Yiuf is lightly wounded.
Crazy Yiuf barely misses you.
Crazy Yiuf hits you with a +4 quarterstaff of chaos!
You are lethally poisoned!
You slash Crazy Yiuf!
Crazy Yiuf is heavily wounded.
* * * LOW HITPOINT WARNING * * *
You feel extremely sick.
Crazy Yiuf hits you with a +4 quarterstaff of chaos!
You die...

####♣♣ ### ###...P♣♣
♣♣#..)# ###
#.....PP♣♣♣♣@g...#
..###.#...PP.♣..♣#...#
#.(.........♣.♣♣♣ ###
..########♣♣♣♣♣
........# #.#########
#.# #.# #.# #.######
#.##### #......#


You could see Crazy Yiuf.

Vanquished Creatures
  Jessica (D:2)
  3 gnolls (D:2)
  A dart slug (D:1)
  3 orcs (D:2)
  11 bats
  9 endoplasms
  8 hobgoblins
  3 jackals (D:1)
  4 kobolds
  A quokka (D:1)
  5 ball pythons
  5 frilled lizards
  2 goblins (D:1)
  5 rats (D:1)
61 creatures vanquished.

Vanquished Creatures (others)
  A plant (D:1)
  A withered plant (D:1)
2 creatures vanquished.

Grand Total: 63 creatures vanquished

Notes
Turn   | Place    | Note
-------+----------+-------------------------------------------
     0 | D:1      | xian the Minotaur Gladiator began the quest for the Orb.
     0 | D:1      | Reached XP level 1. HP: 18/18 MP: 0/0
   190 | D:1      | Reached skill level 4 in Axes
   377 | D:1      | Reached XP level 2. HP: 25/25 MP: 1/1
   506 | D:1      | Found a faded altar of an unknown god.
   519 | D:1      | Prayed at the altar of an unknown god.
   519 | D:1      | Became a worshipper of the Shining One
   519 | D:1      | Reached * piety under the Shining One
   563 | D:1      | Reached XP level 3. HP: 29/30 MP: 2/2
  1339 | D:2      | Reached skill level 1 in Armour
  1340 | D:2      | Reached XP level 4. HP: 22/38 MP: 3/3
  1345 | D:2      | Found Lunicwuh's Antique Armour Boutique.
  1520 | D:2      | Reached skill level 5 in Axes
  1780 | D:2      | Noticed Jessica
  1784 | D:2      | Killed Jessica
  1826 | D:2      | Identified the +7 mace of Welfare {pain, rC++}
  1852 | D:2      | Found a runed translucent door.
  1853 | D:2      | Noticed Crazy Yiuf
  1859 | D:2      | Slain by Crazy Yiuf

Illustrated notes

Levels and vault maps discovered:
D:1:      scummos_arrival_simple_fountains, layout_loops_corners,
          ebering_ecumenical_altar_petrified, serial_bayou_pond_a,
          minmay_hexomino_f4
D:2:      layout_loops_ring, serial_shops, shop, uniq_jessica,
          uniq_crazy_yiuf_cottage

Skill      XL: |  1  2  3  4 |
---------------+-------------+-----
Axes           | 4 5 |  5.5
Armour         | 1 2 |  2.1
Fighting       | 3 |  3.1
Throwing       | |  2.1
Dodging        | |  3.7

Action                   |  1- 3 |  4- 6 || total
-------------------------+-------+-------++-------
Melee: War axe           |    75 |    20 ||    95
       Headbutt          |    10 |     3 ||    13
Armor: Leather armour    |    22 |       ||    22
       Plate armour      |    15 |    17 ||    32
Dodge: Dodged            |    60 |    14 ||    74
